[Event "Team 45 45 League T93"]
[Site "Internet Chess Club"]
[Date "2022.09.04"]
[Round "8"]
[White "hipopotamos"]
[Black "fhunfi"]
[Result "0-1"]
[WhiteElo "1733"]
[BlackElo "1739"]
[Opening "French: Schlechter variation"]
[ECO "C01"]
[Time "19:00:29"]
[PlyCount "58"]
[TimeControl "2700+45"]

1. e4 e6 2. d4 d5 3. Bd3 dxe4 4. Bxe4 Nf6 5. Bf3 Bd6 6. Ne2 Nbd7 7. O-O e5 8.
Re1 O-O 9. Ng3 Re8 10. Bg5 exd4 11. Ne4 Be7 12. Qxd4 Nxe4 13. Bxe7 Rxe7 14. Bxe4
Qe8 15. Nd2 Nf6 16. Kf1 Nxe4 17. Nxe4 Bf5 18. f3 Bxe4 19. fxe4 Rd8 20. Qb4 b6
21. Re3 c5 22. Qe1 Qb5+ 23. Kg1 Qxb2 24. Rd1 Red7 25. Rxd7 Rxd7 26. Qg3 g6 27.
Rc3 Qa1+ 28. Kf2 Rd2+ 29. Ke3 Qxc3+ {White resigns} 0-1

[Event "Team 45 45 League T93"]
[Site "Internet Chess Club"]
[Date "2022.09.03"]
[Round "8"]
[White "hewdondada"]
[Black "Timmah4651"]
[Result "1-0"]
[WhiteElo "1708"]
[BlackElo "1580"]
[Opening "Trompowsky attack (Ruth, Opocenský opening)"]
[ECO "A45"]
[Time "22:03:38"]
[PlyCount "29"]
[TimeControl "2700+45"]

1. d4 Nf6 2. Bg5 Ne4 3. Bf4 d5 4. f3 Nf6 5. e4 dxe4 6. Nc3 exf3 7. Nxf3 Nd5 8.
Nxd5 Qxd5 9. Bxc7 Nc6 10. Be2 Bg4 11. c3 e6 12. O-O Bd6 13. c4 Qh5 14. Bxd6 Rd8
15. c5 {Black resigns} 1-0

[Event "Team 45 45 League T93"]
[Site "Internet Chess Club"]
[Date "2022.09.01"]
[Round "8"]
[White "fireball"]
[Black "ChessG2011"]
[Result "1-0"]
[WhiteElo "1578"]
[BlackElo "1419"]
[Opening "Giuoco Piano"]
[ECO "C50"]
[Time "22:06:38"]
[PlyCount "99"]
[TimeControl "2700+45"]

1. e4 e5 2. Bc4 Bc5 3. Nf3 Nc6 4. O-O Nf6 5. c3 O-O 6. d3 h6 7. Nbd2 d6 8. b4
Bb6 9. a4 a6 10. h3 Qe7 11. Nh2 Be6 12. Kh1 Rfe8 13. Bxe6 Qxe6 14. Nc4 Ba7 15.
f4 Qe7 16. f5 Kh7 17. g4 Nd7 18. g5 hxg5 19. Qh5+ Kg8 20. Bxg5 f6 21. Be3 Qf7
22. Qg4 Kf8 23. Rg1 Bxe3 24. Nxe3 Ne7 25. Rg2 Qg8 26. Rag1 Red8 27. Qxg7+ Qxg7
28. Rxg7 Ke8 29. Nhg4 c6 30. Nh6 Nf8 31. Neg4 Nd7 32. Nf7 Rdc8 33. Nxd6+ Kd8 34.
Nxc8 Rxc8 35. Nh6 Nf8 36. Rf7 Ke8 37. Rxf6 Kd7 38. Rg7 Re8 39. Rgf7 Ne6 40. Rxe6
Kd8 41. Rxe5 Nc8 42. Rxe8+ Kxe8 43. Rxb7 Ne7 44. f6 Nc8 45. Rb8 Kd7 46. Rxc8
Kxc8 47. f7 Kc7 48. f8=Q Kd7 49. e5 Ke6 50. Qd6# {Black checkmated} 1-0

[Event "Team 45 45 League T93"]
[Site "Internet Chess Club"]
[Date "2022.09.04"]
[Round "8"]
[White "fileman"]
[Black "primerpaso"]
[Result "0-1"]
[WhiteElo "1788"]
[BlackElo "1829"]
[Opening "Neo-Grünfeld, 6.O-O c6"]
[ECO "D78"]
[Time "16:03:35"]
[PlyCount "78"]
[TimeControl "2700+45"]

1. d4 Nf6 2. Nf3 d5 3. g3 g6 4. Bg2 Bg7 5. O-O O-O 6. c4 c6 7. b3 h6 8. Nc3 Be6
9. c5 Na6 10. Ne5 Nd7 11. f4 Nxe5 12. fxe5 f6 13. exf6 exf6 14. e4 Qd7 15. exd5
cxd5 16. Re1 Bf7 17. a3 Nc7 18. Bf4 Rad8 19. b4 g5 20. Bd6 Rfe8 21. Qd3 Rxe1+
22. Rxe1 Re8 23. Rc1 Rd8 24. b5 Ne8 25. Nxd5 Nxd6 26. c6 bxc6 27. bxc6 Qe6 28.
c7 Re8 29. Rc6 Qe1+ 30. Qf1 Qxf1+ 31. Kxf1 Nc8 32. Nxf6+ Bxf6 33. Rxf6 Bc4+ 34.
Kf2 Rf8 35. Rxf8+ Kxf8 36. Bb7 Be6 37. d5 Bg4 38. Ke3 Ke7 39. Kd4 Kd6 {White
resigns} 0-1

[Event "Team 45 45 League T93"]
[Site "Internet Chess Club"]
[Date "2022.09.04"]
[Round "8"]
[White "BuddyT"]
[Black "MrAbendroth"]
[Result "1-0"]
[WhiteElo "1647"]
[BlackElo "1633"]
[Opening "Nimzo-Indian: Kmoch variation"]
[ECO "E20"]
[Time "14:04:02"]
[PlyCount "73"]
[TimeControl "2700+45"]

1. d4 Nf6 2. c4 e6 3. Nc3 Bb4 4. f3 d5 5. a3 Bxc3+ 6. bxc3 O-O 7. cxd5 exd5 8.
e3 Bf5 9. Ne2 h6 10. g4 Bh7 11. Nf4 Qd6 12. h4 Re8 13. Qe2 g5 14. hxg5 hxg5 15.
Nh5 Nxh5 16. Rxh5 Qg3+ 17. Qf2 Qxf2+ 18. Kxf2 f6 19. f4 Bg6 20. Rh2 gxf4 21.
exf4 Be4 22. f5 Re7 23. Bf4 c6 24. Bg2 Bxg2 25. Kxg2 Re2+ 26. Kf3 Rxh2 27. Bxh2
Nd7 28. Re1 Kf7 29. Bd6 Re8 30. Rh1 Kg7 31. Rg1 b5 32. g5 a5 33. g6 Nf8 34. Rh1
a4 35. Bxf8+ Kxf8 36. Rh8+ Ke7 37. g7 {Black resigns} 1-0

[Event "Team 45 45 League T93"]
[Site "Internet Chess Club"]
[Date "2022.09.01"]
[Round "8"]
[White "Redman1"]
[Black "QuieroAprender"]
[Result "1/2-1/2"]
[WhiteElo "1651"]
[BlackElo "1672"]
[Opening "Queen's gambit accepted"]
[ECO "D26"]
[Time "16:59:07"]
[PlyCount "50"]
[TimeControl "2700+45"]

1. d4 d5 2. c4 dxc4 3. e3 Nf6 4. Bxc4 e6 5. Nf3 c6 6. O-O Bd6 7. Nc3 Nd5 8. e4
Nxc3 9. bxc3 Be7 10. Qe2 O-O 11. Be3 b5 12. Bd3 Nd7 13. Rfd1 Bb7 14. d5 cxd5 15.
exd5 exd5 16. Bxb5 a6 17. Bd3 Nc5 18. Bc2 Qc7 19. Bd4 Rae8 20. Qd2 Ne4 21. Qd3
Bc5 22. Rab1 Bxd4 23. cxd4 Rc8 24. Rb2 Qc3 25. Rdb1 f6 {Game drawn by mutual
agreement} 1/2-1/2

[Event "Team 45 45 League T93"]
[Site "Internet Chess Club"]
[Date "2022.09.04"]
[Round "8"]
[White "kabindra"]
[Black "LoseOften"]
[Result "1-0"]
[WhiteElo "1621"]
[BlackElo "1559"]
[Opening "Sicilian: closed"]
[ECO "B23"]
[Time "11:00:39"]
[PlyCount "75"]
[TimeControl "2700+45"]

1. e4 c5 2. Nc3 d6 3. f4 g6 4. Bc4 Bg7 5. Nf3 e6 6. O-O Ne7 7. Qe1 Nbc6 8. d3
O-O 9. f5 gxf5 10. Qg3 Kh8 11. Qh3 Ne5 12. Ng5 h6 13. Bb3 fxe4 14. dxe4 N7g6 15.
Nf3 Nxf3+ 16. Rxf3 Kh7 17. Be3 Bd7 18. Raf1 Qe7 19. Qh5 b5 20. Rh3 Rh8 21. a4 a6
22. Bg5 f6 23. Bxh6 Be8 24. Be3+ Kg8 25. Qg4 c4 26. Rxh8+ Kxh8 27. Ba2 Kg8 28.
b3 b4 29. Ne2 c3 30. Nf4 Nxf4 31. Bxf4 a5 32. Rf3 Kf8 33. Rg3 Bc6 34. Bh6 Ra7
35. Bxg7+ Ke8 36. Qh5+ Qf7 37. Qh8+ Ke7 38. Bh6 {Black resigns} 1-0

[Event "Team 45 45 League T93"]
[Site "Internet Chess Club"]
[Date "2022.09.02"]
[Round "8"]
[White "WillC"]
[Black "room-matt"]
[Result "0-1"]
[WhiteElo "1542"]
[BlackElo "1814"]
[Opening "Queen's pawn game"]
[ECO "A46"]
[Time "14:31:42"]
[PlyCount "76"]
[TimeControl "2700+45"]

1. d4 Nf6 2. Nf3 e6 3. b3 d5 4. Bb2 Bb4+ 5. c3 Bd6 6. e3 c5 7. Bb5+ Bd7 8. Qe2
O-O 9. O-O Qc7 10. Rc1 Rc8 11. Nbd2 a6 12. Bd3 Nc6 13. c4 cxd4 14. exd4 Re8 15.
Ne5 Rad8 16. Ndf3 Nb4 17. cxd5 Qb8 18. dxe6 Bxe6 19. Bc4 Nbd5 20. Bxd5 Bxd5 21.
Qf1 Ne4 22. h3 Re7 23. Rc2 f6 24. Nc4 Bc7 25. Rac1 Bf4 26. Rd1 b5 27. Ne3 Ng3
28. fxg3 Bxe3+ 29. Kh2 Qb6 30. Re1 Rde8 31. Qd3 Be4 32. Qc3 Bxc2 33. Qxc2 Qd6
34. Qf5 Bf2 35. Rxe7 Bxg3+ 36. Kh1 Qxe7 37. d5 Qe1+ 38. Ng1 Bf2 {White resigns}
0-1

[Event "Team 45 45 League T93"]
[Site "Internet Chess Club"]
[Date "2022.09.05"]
[Round "8"]
[White "Electryon"]
[Black "RD1974"]
[Result "1/2-1/2"]
[WhiteElo "1461"]
[BlackElo "1584"]
[Opening "English, Tröger defense"]
[ECO "A20"]
[Time "18:00:14"]
[PlyCount "170"]
[TimeControl "2700+45"]

1. c4 e5 2. g3 Nc6 3. Bg2 d6 4. Nc3 Be6 5. d3 Qd7 6. Nd5 Nd4 7. e3 Nf5 8. Ne2 c6
9. Ndc3 Nf6 10. O-O h5 11. h3 Nh6 12. Kh2 g5 13. f4 gxf4 14. exf4 Nfg4+ 15. hxg4
hxg4 16. fxe5 Nf5+ 17. Kg1 O-O-O 18. Qa4 a6 19. d4 Nxd4 20. Nxd4 Bg7 21. Nxe6
fxe6 22. Bg5 Rdg8 23. Bf6 Bxf6 24. exf6 Qh7 25. Kf2 Qf5+ 26. Ke1 Qe5+ 27. Kd1
Qd4+ 28. Kc1 Rh2 29. Qc2 Qe3+ 30. Kb1 Qxg3 31. Qf2 Qd3+ 32. Kc1 g3 33. Qf3 Qg6
34. Rh1 Rxh1+ 35. Bxh1 g2 36. Qxg2 Qh6+ 37. Kc2 Rxg2+ 38. Bxg2 Qxf6 39. Rf1 Qg6+
40. Be4 Qg7 41. Kb3 Kc7 42. Rf2 d5 43. cxd5 exd5 44. Rg2 Qd4 45. Bh7 Qc4+ 46.
Kc2 Qf1 47. Rg7+ Kb6 48. Bd3 Qf2+ 49. Kb3 Qf6 50. Rg6 Qf7 51. Na4+ Ka7 52. Nc5
d4+ 53. Kc2 Qxa2 54. Rg7 Kb6 55. Nd7+ Ka5 56. Rg5+ b5 57. Nc5 Qf7 58. Rf5 Qg7
59. Nb3+ Kb4 60. Nc5 Qg2+ 61. Kb1 Qd2 62. Nxa6+ Ka5 63. Nc5 Qd1+ 64. Ka2 Qg1 65.
Nb3+ Kb6 66. Nc5 Qg8+ 67. Kb1 Kc7 68. Na6+ Kc8 69. Nc5 b4 70. Ba6+ Kb8 71. Bd3
b3 72. Rf1 Ka7 73. Rc1 Kb6 74. Bc4 Qg6+ 75. Bd3 Qf7 76. Bc4 Qf5+ 77. Bd3 Qf3 78.
Bc4 d3 79. Bxd3 Qe3 80. Be4 Kb5 81. Bh1 Qg3 82. Be4 Qg7 83. Nxb3 Kb4 84. Nc5 Kb5
85. Bxc6+ Kb6 {Game drawn by mutual agreement} 1/2-1/2

[Event "Team 45 45 League T93"]
[Site "Internet Chess Club"]
[Date "2022.09.01"]
[Round "8"]
[White "ChessMaine"]
[Black "clarinetref"]
[Result "0-1"]
[WhiteElo "1413"]
[BlackElo "1460"]
[Opening "Queen's pawn: Yusupov-Rubinstein system"]
[ECO "A46"]
[Time "20:00:25"]
[PlyCount "98"]
[TimeControl "2700+45"]

1. d4 Nf6 2. Nf3 e6 3. e3 b6 4. Bd3 c5 5. c3 Ba6 6. c4 cxd4 7. exd4 Bb4+ 8. Bd2
Bxd2+ 9. Nbxd2 d5 10. O-O O-O 11. Rc1 dxc4 12. Nxc4 Bxc4 13. Rxc4 Nbd7 14. Qc2
Rc8 15. Rc1 Rxc4 16. Qxc4 Nd5 17. Qc6 Nb4 18. Qc4 Nxd3 19. Qxd3 Nf6 20. Qc4 Qd5
21. h3 Qxc4 22. Rxc4 Nd5 23. Ne5 f6 24. Ng4 Rd8 25. Ne3 Nf4 26. Kf1 Rd7 27. h4
b5 28. Rc8+ Kf7 29. Nc2 e5 30. dxe5 Rd1+ 31. Ne1 fxe5 32. Rc7+ Kf6 33. Rxa7 Rb1
34. g3 Nd3 35. Ra3 Rxe1+ 36. Kg2 e4 37. Ra6+ Ke5 38. Ra7 Re2 39. Rf7 Rxb2 40.
Re7+ Kd5 41. Rd7+ Ke6 42. Rxg7 Rxf2+ 43. Kg1 Rxa2 44. Rg4 Kd5 45. Rg5+ Kc4 46.
Rg4 Kd4 47. Rg7 e3 48. Rd7+ Kc3 49. Rc7+ Kd2 {White resigns} 0-1

[Event "Team 45 45 League T93"]
[Site "Internet Chess Club"]
[Date "2022.09.02"]
[Round "8"]
[White "DaveTheRook"]
[Black "sdcohle"]
[Result "1/2-1/2"]
[WhiteElo "1387"]
[BlackElo "1376"]
[Opening "Réti: King's Indian attack (Barcza system)"]
[ECO "A07"]
[Time "18:01:01"]
[PlyCount "69"]
[TimeControl "2700+45"]

1. Nf3 d5 2. g3 c6 3. Bg2 Nf6 4. d3 e6 5. O-O Nbd7 6. a3 Bd6 7. Nbd2 O-O 8. b4
b6 9. Rb1 Bb7 10. Bb2 c5 11. c3 Re8 12. Qc2 cxb4 13. cxb4 Rc8 14. Qb3 e5 15. e4
dxe4 16. Nxe4 Nxe4 17. dxe4 Bxe4 18. Rbc1 Qe7 19. Rfe1 Nf6 20. Bh3 Rxc1 21. Rxc1
Bd5 22. Qe3 Qb7 23. Bg2 Ng4 24. Qc3 Nf6 25. Nh4 e4 26. Qe3 Be5 27. Bxe5 Rxe5 28.
Bh3 Re8 29. Ng2 Be6 30. Bxe6 Rxe6 31. Rc3 Nd5 32. Qg5 f6 33. Qf5 Re5 34. Qc8+
Qxc8 35. Rxc8+ {Game drawn by mutual agreement} 1/2-1/2

[Event "Team 45 45 League T93"]
[Site "Internet Chess Club"]
[Date "2022.09.03"]
[Round "8"]
[White "manfredo"]
[Black "kabindra"]
[Result "0-1"]
[WhiteElo "1462"]
[BlackElo "1585"]
[Opening "KGD: Falkbeer counter-gambit"]
[ECO "C31"]
[Time "12:02:01"]
[PlyCount "26"]
[TimeControl "2700+45"]

1. e4 e5 2. f4 d5 3. exd5 exf4 4. Qf3 Nf6 5. Bb5+ c6 6. dxc6 bxc6 7. Bxc6+ Nxc6
8. Qxc6+ Bd7 9. Qf3 Rc8 10. c3 Bd6 11. Nh3 Bg4 12. Qd3 O-O 13. O-O Bc5+ {White
resigns} 0-1

[Event "Team 45 45 League T93"]
[Site "Internet Chess Club"]
[Date "2022.09.02"]
[Round "8"]
[White "ChessG2011"]
[Black "olivermx"]
[Result "0-1"]
[WhiteElo "1399"]
[BlackElo "1355"]
[Opening "Giuoco Piano: four knights variation"]
[ECO "C55"]
[Time "20:30:25"]
[PlyCount "134"]
[TimeControl "2700+45"]

1. e4 e5 2. Nf3 Nc6 3. Bc4 Nf6 4. Nc3 Bc5 5. O-O O-O 6. d3 d6 7. h3 Bd7 8. Bg5
Nd4 9. Nd5 b5 10. Bb3 Nxb3 11. axb3 c6 12. Nxf6+ gxf6 13. Bh6 Re8 14. Nh4 Kh8
15. Qh5 Qe7 16. Qe2 f5 17. Nxf5 Bxf5 18. exf5 Qf6 19. Be3 Qxf5 20. Bxc5 dxc5 21.
Qe3 e4 22. dxe4 Rxe4 23. Qd3 Qd5 24. Qc3+ Qd4 25. Rfe1 Qxc3 26. bxc3 Rxe1+ 27.
Rxe1 Rd8 28. Re2 Kg8 29. g3 Kf8 30. Kg2 Re8 31. Rd2 Re7 32. Kf3 a5 33. Rd8+ Re8
34. Rd7 Re7 35. Rd6 Re6 36. Rd1 Re7 37. Ra1 Ra7 38. g4 a4 39. bxa4 bxa4 40. Kg3
a3 41. Ra2 Ke7 42. f4 Ke6 43. Kf3 Kd5 44. h4 Kc4 45. f5 Kxc3 46. g5 Kd2 47. h5
Kc1 48. g6 hxg6 49. h6 Kb1 50. h7 Ra8 51. Rxa3 Rxa3+ 52. Kg4 gxf5+ 53. Kxf5 Rh3
54. h8=R Rxh8 55. Kf6 Kxc2 56. Kxf7 Rh5 57. Kf6 Rd5 58. Ke6 Kd3 59. Kf6 Ke4 60.
Ke6 c4 61. Kf6 Re5 62. Kf7 Kf5 63. Kg7 Re6 64. Kf7 c3 65. Kg7 Rf6 66. Kg8 Kg6
67. Kh8 Rf8# {White checkmated} 0-1

[Event "Team 45 45 League T93"]
[Site "Internet Chess Club"]
[Date "2022.08.31"]
[Round "8"]
[White "jy2020"]
[Black "MichaelIC"]
[Result "1/2-1/2"]
[WhiteElo "2172"]
[BlackElo "2103"]
[Opening "French: Rubinstein variation"]
[ECO "C10"]
[Time "21:00:26"]
[PlyCount "126"]
[TimeControl "2700+45"]

1. e4 e6 2. d4 d5 3. Nc3 dxe4 4. Nxe4 Nd7 5. Nf3 Ngf6 6. Bd3 Nxe4 7. Bxe4 c5 8.
Be3 Nf6 9. Bd3 cxd4 10. Bxd4 Be7 11. O-O O-O 12. c3 b6 13. Qc2 g6 14. Rad1 Qe8
15. Be4 Ba6 16. Rfe1 Rc8 17. Ne5 Bc5 18. Bf3 Bxd4 19. Rxd4 Qe7 20. Qa4 Bb7 21.
Qxa7 Rc7 22. Bxb7 Rxb7 23. Qa4 b5 24. Qb3 Nd5 25. Nd3 Rd8 26. Nb4 Nxb4 27. Qxb4
Rxd4 28. Qxd4 b4 29. cxb4 Rxb4 30. Qc3 Qd6 31. h3 Rd4 32. a3 Rd2 33. b4 Rd3 34.
Qb2 e5 35. a4 e4 36. Rc1 Qd7 37. Qe5 Rd1+ 38. Rxd1 Qxd1+ 39. Kh2 Qxa4 40. Qxe4
Qb5 41. Qd4 f6 42. Qd8+ Kf7 43. Qa5 Qe2 44. Qa7+ Ke6 45. Qb6+ Ke7 46. b5 Qe5+
47. g3 Qd6 48. Qa7+ Kd8 49. h4 Qc7 50. b6 Qc5 51. Qb8+ Kd7 52. Qb7+ Kd6 53. Kg2
Qc6+ 54. Qxc6+ Kxc6 55. Kf3 Kxb6 56. Ke4 Kc6 57. f4 Kd6 58. f5 gxf5+ 59. Kxf5
Ke7 60. h5 Kf7 61. g4 h6 62. Kf4 Ke6 63. Ke4 Ke7 {Game drawn by mutual
agreement} 1/2-1/2

[Event "Team 45 45 League T93"]
[Site "Internet Chess Club"]
[Date "2022.09.01"]
[Round "8"]
[White "cool64chess"]
[Black "cyborg86"]
[Result "0-1"]
[WhiteElo "1990"]
[BlackElo "2276"]
[Opening "Queen's pawn: Keres defense"]
[ECO "A40"]
[Time "14:34:18"]
[PlyCount "74"]
[TimeControl "2700+45"]

1. d4 e6 2. c4 b6 3. e4 Bb7 4. Nc3 Bb4 5. f3 f5 6. exf5 Nh6 7. fxe6 Nf5 8. Bd3
Qh4+ 9. Kf1 O-O 10. a3 Bd6 11. Nb5 dxe6 12. Qe1 Qf6 13. Be4 Nc6 14. Bd2 Rae8 15.
Bc3 e5 16. Nxd6 Nxd6 17. dxe5 Nxe5 18. Bxb7 Nxb7 19. Qe4 Nc5 20. Qd5+ Qf7 21.
Qxf7+ Kxf7 22. Bxe5 Rxe5 23. Rd1 Rfe8 24. b4 Na4 25. Rd7+ R8e7 26. Rxe7+ Rxe7
27. Nh3 Nb2 28. c5 Re3 29. Kf2 Rxa3 30. cxb6 Nd3+ 31. Ke2 axb6 32. Rd1 Nxb4 33.
Rd7+ Kf6 34. Rxc7 Ra2+ 35. Kf1 Nd5 36. Rc6+ Ke5 37. Kg1 b5 {White resigns} 0-1

[Event "Team 45 45 League T93"]
[Site "Internet Chess Club"]
[Date "2022.09.05"]
[Round "8"]
[White "timcent"]
[Black "Ajolote"]
[Result "0-1"]
[WhiteElo "1858"]
[BlackElo "2040"]
[Opening "QGD: 3.Nc3"]
[ECO "D31"]
[Time "13:00:26"]
[PlyCount "106"]
[TimeControl "2700+45"]

1. d4 d5 2. c4 e6 3. Nc3 Bb4 4. a3 Bxc3+ 5. bxc3 Nf6 6. e3 O-O 7. cxd5 exd5 8.
Bd3 b6 9. Ne2 Nc6 10. O-O Na5 11. Ng3 Bb7 12. f3 c5 13. Bb2 Re8 14. Re1 Qc7 15.
e4 dxe4 16. fxe4 c4 17. Bc2 Nb3 18. Rb1 Qf4 19. Bc1 Nxc1 20. Qxc1 Qxc1 21. Rbxc1
Rad8 22. e5 Nd5 23. Be4 g6 24. Bf3 Kg7 25. Ne4 Nf4 26. Nd6 Bxf3 27. Nxe8+ Rxe8
28. gxf3 Nd3 29. Rcd1 Nxe1 30. Rxe1 g5 31. Kf2 Kg6 32. f4 h6 33. fxg5 hxg5 34.
Ke3 Rh8 35. Rd1 Rxh2 36. d5 Kf5 37. d6 Rh3+ 38. Kd4 Rd3+ 39. Rxd3 cxd3 40. Kxd3
Ke6 41. Ke4 b5 42. d7 Kxd7 43. Kf5 g4 44. Kxg4 Ke6 45. Kf4 Kd5 46. Kf5 a5 47.
Kf6 Ke4 48. Kxf7 Kxe5 49. Ke7 Kd5 50. Kd7 a4 51. Kc7 Kc4 52. Kb6 Kxc3 53. Kxb5
Kb3 {White resigns} 0-1

[Event "Team 45 45 League T93"]
[Site "Internet Chess Club"]
[Date "2022.09.03"]
[Round "8"]
[White "Tufnell"]
[Black "Alec-hine"]
[Result "1/2-1/2"]
[WhiteElo "1870"]
[BlackElo "1740"]
[Opening "French: Tarrasch, open variation"]
[ECO "C07"]
[Time "13:00:24"]
[PlyCount "51"]
[TimeControl "2700+45"]

1. e4 e6 2. d4 d5 3. Nd2 c5 4. exd5 Qxd5 5. Ngf3 cxd4 6. Bc4 Qd6 7. O-O Nf6 8.
Nb3 Nc6 9. Nbxd4 Nxd4 10. Nxd4 Be7 11. b3 O-O 12. Bb2 Qc7 13. Qf3 Bd7 14. Rad1
Rac8 15. Rfe1 Rfe8 16. Nb5 Bxb5 17. Bxb5 Red8 18. Bd3 Ne8 19. Re4 Bf6 20. Rc4
Qe7 21. Rxc8 Rxc8 22. Qe4 g6 23. Bd4 b6 24. Bb5 Rd8 25. Bxe8 Qxe8 26. Rd3 {Game
drawn by mutual agreement} 1/2-1/2

[Event "Team 45 45 League T93"]
[Site "Internet Chess Club"]
[Date "2022.09.03"]
[Round "8"]
[White "burlap"]
[Black "AlWynJones"]
[Result "1/2-1/2"]
[WhiteElo "1425"]
[BlackElo "1470"]
[Opening "Sicilian: Smith-Morra gambit"]
[ECO "B21"]
[Time "09:00:31"]
[PlyCount "71"]
[TimeControl "2700+45"]

1. e4 c5 2. d4 cxd4 3. c3 dxc3 4. Nxc3 d6 5. Bc4 Nc6 6. Nf3 a6 7. O-O Nf6 8. Bg5
e6 9. Qe2 Be7 10. Rfd1 Nd7 11. Bxe7 Qxe7 12. Rd2 Nde5 13. Rad1 Nxf3+ 14. Qxf3
Ne5 15. Qe2 O-O 16. Rxd6 b5 17. Bb3 b4 18. Na4 Bd7 19. Nc5 Bb5 20. Qd2 a5 21.
Qf4 Nc4 22. Bxc4 Bxc4 23. b3 Rfd8 24. Rxd8+ Rxd8 25. Rxd8+ Qxd8 26. h3 Bb5 27.
Nb7 Qd1+ 28. Kh2 h6 29. Qb8+ Kh7 30. Nxa5 Qe2 31. f3 f5 32. exf5 exf5 33. Nb7
Bc6 34. Qc8 Qe5+ 35. Kh1 Qe1+ 36. Kh2 {Game drawn by mutual agreement} 1/2-1/2

[Event "Team 45 45 League T93"]
[Site "Internet Chess Club"]
[Date "2022.09.05"]
[Round "8"]
[White "Toalla"]
[Black "Fulmar"]
[Result "0-1"]
[WhiteElo "1211"]
[BlackElo "1238"]
[Opening "French: Schlechter variation"]
[ECO "C01"]
[Time "18:39:30"]
[PlyCount "94"]
[TimeControl "2700+45"]

1. e4 e6 2. d4 d5 3. Bd3 c5 4. Be3 c4 5. Be2 dxe4 6. Bxc4 b6 7. c3 Bb7 8. Ne2
Nf6 9. h3 Be7 10. O-O Nbd7 11. Nd2 Nd5 12. Bxd5 Bxd5 13. Qa4 O-O 14. c4 Bb7 15.
Rad1 Nf6 16. Ng3 Qd6 17. Qc2 Rac8 18. Ndxe4 Nxe4 19. Nxe4 Bxe4 20. Qxe4 Rxc4 21.
Rc1 Qd5 22. Qxd5 exd5 23. Rxc4 dxc4 24. Rc1 Rc8 25. f4 f5 26. g4 g6 27. Kf2 b5
28. gxf5 gxf5 29. Kf3 Bf6 30. Rc2 Kf7 31. a3 Rd8 32. Rd2 Ke6 33. Bf2 Kd5 34. Re2
a6 35. h4 h5 36. Bg1 Rg8 37. Rg2 Rxg2 38. Kxg2 Bxd4 39. Bxd4 Kxd4 40. Kf3 Kd3
41. Kf2 Kd2 42. Kf3 a5 43. Kf2 b4 44. axb4 axb4 45. Kf3 c3 46. bxc3 bxc3 47. Kf2
c2 {White resigns} 0-1

[Event "Team 45 45 League T93"]
[Site "Internet Chess Club"]
[Date "2022.09.03"]
[Round "8"]
[White "woofgang"]
[Black "kabubi"]
[Result "0-1"]
[WhiteElo "1156"]
[BlackElo "1146"]
[Opening "Queen's Indian defense"]
[ECO "A47"]
[Time "13:00:54"]
[PlyCount "36"]
[TimeControl "2700+45"]

1. d4 Nf6 2. Nf3 b6 3. e3 Nc6 4. c3 d5 5. Bd3 e6 6. O-O Be7 7. Re1 O-O 8. Nbd2
Ne8 9. e4 dxe4 10. Nxe4 Bb7 11. Neg5 h6 12. Nh7 Nf6 13. Nxf8 Kxf8 14. Ne5 Nxe5
15. Rxe5 c5 16. Be3 Bd6 17. Bxh6 gxh6 18. Qf3 Bxf3 {White resigns} 0-1

[Event "Team 45 45 League T93"]
[Site "Internet Chess Club"]
[Date "2022.09.05"]
[Round "8"]
[White "gregorgg"]
[Black "sdcohle"]
[Result "1-0"]
[WhiteElo "1471"]
[BlackElo "1364"]
[Opening "French defense"]
[ECO "C00"]
[Time "15:33:28"]
[PlyCount "55"]
[TimeControl "2700+45"]

1. e4 e6 2. Nf3 d5 3. exd5 exd5 4. d4 Bd6 5. Bd3 Ne7 6. O-O O-O 7. Re1 Bg4 8.
Bxh7+ Kxh7 9. Ng5+ Kg8 10. Qxg4 Ng6 11. Nc3 c6 12. Qh5 Re8 13. Qh7+ Kf8 14.
Rxe8+ Qxe8 15. Bd2 Nd7 16. Re1 Be7 17. Qh5 Nf6 18. Nh7+ Nxh7 19. Qxh7 Qd7 20. h4
Bxh4 21. Nxd5 a5 22. Nf4 Bxf2+ 23. Kxf2 Qf5 24. Kg1 Re8 25. Nxg6+ fxg6 26. Qh8+
Kf7 27. Qxe8+ Kf6 28. Qe7# {Black checkmated} 1-0

[Event "Team 45 45 League T93"]
[Site "Internet Chess Club"]
[Date "2022.09.03"]
[Round "8"]
[White "rhayder"]
[Black "pandaknight"]
[Result "0-1"]
[WhiteElo "1034"]
[BlackElo "1055"]
[Opening "QGD Slav: 4.Nc3"]
[ECO "D15"]
[Time "23:03:06"]
[PlyCount "52"]
[TimeControl "2700+45"]

1. d4 d5 2. Nf3 Nf6 3. c4 c6 4. Nc3 Bf5 5. cxd5 cxd5 6. Qb3 Qb6 7. Nxd5 Qa5+ 8.
Bd2 Qxd5 9. Qa4+ Bd7 10. Qa5 Qxa5 11. Bxa5 Nc6 12. Bc3 g6 13. e3 a6 14. Bd3 Bg7
15. Ne5 O-O 16. Nxd7 Nxd7 17. d5 Bxc3+ 18. bxc3 Nce5 19. Be2 Nf6 20. f4 Neg4 21.
e4 Ne3 22. Kd2 Nxg2 23. Rhg1 Nxf4 24. Rab1 Nxe2 25. Kxe2 Nxe4 26. Rxb7 Nxc3+
{White resigns} 0-1